General information
- name: BNet
- type: Ladder team game (AT/RT)
- host: Battle.net
- saver: 13fr6
map: MarketSquare
- players: 8
- length: 05:52
- speed: Fast
- version: 1.27 W3XP
- replay type: Public
» download(36 KB)
Players
team 1 (winner)

»
Sheer888 (
pink | 42 APM | 244 actions | 05:51)
1 Blademaster
1 Wind Walk
» actions
| Assign group hotkey | 3 | |
| Basic commands | 2 | |
| Build / train | 20 | |
| Enter build submenu | 13 | |
| Enter hero's abilities submenu | 1 | |
| Remove unit from queue | 1 | |
| Right click | 121 | |
| Select / deselect | 59 | |
| Select group hotkey | 7 | |
| Use ability | 17 | |
244 total
» units
» upgrades
» buildings
| Orc Burrow | 4 | |
| Altar of Storms | 1 | |
| Voodoo Lounge | 1 | |
| Barracks | 1 | |
| War Mill | 1 | |
| Watch Tower | 4 | |
| Stronghold | 1 | |
13 total
» build order
00:18 Orc Burrow
00:21 Altar of Storms
00:27 Voodoo Lounge
01:27 Barracks
01:48 Orc Burrow
02:04 War Mill
03:25 Watch Tower
03:58 Watch Tower
04:07 Orc Burrow
04:31 Watch Tower
04:42 Stronghold
05:19 Orc Burrow
05:43 Watch Tower
» items
| Healing Salve | 1 | |
| Lesser Clarity Potion | 2 | |
3 total
13fr6 (
orange | 54 APM | 317 actions | 05:52)
1 Pit Lord
1 Rain of Fire
» actions
| Assign group hotkey | 11 | |
| Basic commands | 5 | |
| Build / train | 23 | |
| Enter build submenu | 12 | |
| Enter hero's abilities submenu | 1 | |
| Right click | 157 | |
| Select / deselect | 69 | |
| Select group hotkey | 19 | |
| Use ability | 20 | |
317 total
» units
» buildings
| Lumber Mill | 2 | |
| Barracks | 1 | |
| Altar of Kings | 1 | |
| Farm | 3 | |
| Scout Tower | 2 | |
| Arcane Vault | 1 | |
| Arcane Tower | 2 | |
| Guard Tower | 2 | |
14 total
» build order
00:28 Lumber Mill
00:41 Lumber Mill
00:57 Barracks
01:19 Altar of Kings
01:45 Farm
01:55 Farm
02:12 Scout Tower
02:23 Arcane Vault
02:29 Farm
02:45 Arcane Tower
02:45 Arcane Tower
02:56 Scout Tower
04:29 Guard Tower
04:29 Guard Tower

»
Clarkmaxwell (
green | 22 APM | 130 actions | 05:51)
2 Dreadlord
1 Vampiric Aura
1 Sleep
» actions
| Assign group hotkey | 20 | |
| Basic commands | 3 | |
| Build / train | 19 | |
| Enter build submenu | 6 | |
| Enter hero's abilities submenu | 2 | |
| Right click | 28 | |
| Select / deselect | 36 | |
| Select group hotkey | 5 | |
| Use ability | 11 | |
130 total
» units
| Acolyte | 2 | |
| Ghoul | 5 | |
| Crypt Fiend | 4 | |
11 total
» buildings
| Ziggurat | 2 | |
| Crypt | 1 | |
| Altar of Darkness | 1 | |
| Nerubian Tower | 1 | |
| Graveyard | 1 | |
| Tomb of Relics | 1 | |
| Halls of the Dead | 1 | |
8 total
» build order
00:13 Ziggurat
00:16 Crypt
00:22 Altar of Darkness
01:06 Nerubian Tower
01:35 Graveyard
02:16 Tomb of Relics
02:31 Ziggurat
04:06 Halls of the Dead
» items
| Rod of Necromancy | 1 | |
| Sacrificial Skull | 1 | |
| Scroll of Regeneration | 1 | |
3 total

»
LeGaulois (
purple | 32 APM | 187 actions | 05:51)
1 Lich
1 Frost Nova
» actions
| Build / train | 17 | |
| Enter build submenu | 8 | |
| Enter hero's abilities submenu | 1 | |
| Right click | 75 | |
| Select / deselect | 75 | |
| Use ability | 11 | |
187 total
» units
| Acolyte | 2 | |
| Ghoul | 8 | |
| Crypt Fiend | 1 | |
11 total
» buildings
| Crypt | 2 | |
| Graveyard | 1 | |
| Ziggurat | 3 | |
| Nerubian Tower | 1 | |
| Altar of Darkness | 1 | |
| Tomb of Relics | 1 | |
9 total
» build order
00:25 Crypt
00:36 Graveyard
00:41 Ziggurat
01:05 Crypt
01:35 Nerubian Tower
01:54 Altar of Darkness
02:09 Ziggurat
02:48 Tomb of Relics
04:42 Ziggurat
» items
| Rod of Necromancy | 1 | |
| Sacrificial Skull | 1 | |
| Dust of Appearance | 1 | |
3 total
team 2 (loser)
vellizaat (
red | 47 APM | 274 actions | 05:50)
1 Blood Mage
1 Flame Strike
» actions
| Assign group hotkey | 1 | |
| Build / train | 22 | |
| Enter build submenu | 17 | |
| Enter hero's abilities submenu | 1 | |
| Remove unit from queue | 1 | |
| Right click | 109 | |
| Select / deselect | 83 | |
| Select group hotkey | 18 | |
| Use ability | 22 | |
274 total
» units
» upgrades
» buildings
| Farm | 8 | |
| Altar of Kings | 1 | |
| Lumber Mill | 1 | |
| Scout Tower | 5 | |
| Guard Tower | 4 | |
| Keep | 1 | |
| Arcane Tower | 1 | |
| Blacksmith | 1 | |
| Arcane Vault | 1 | |
23 total
» build order
00:19 Farm
00:33 Altar of Kings
00:48 Lumber Mill
00:59 Farm
01:35 Farm
01:44 Scout Tower
02:13 Scout Tower
02:16 Farm
02:26 Guard Tower
02:42 Scout Tower
02:43 Guard Tower
02:50 Scout Tower
02:55 Farm
03:11 Scout Tower
03:12 Guard Tower
03:39 Farm
03:46 Keep
03:48 Arcane Tower
04:28 Farm
04:29 Guard Tower
04:33 Blacksmith
04:36 Arcane Vault
05:43 Farm
Posch (
teal | 62 APM | 356 actions | 05:45)
2 Lich
1 Frost Nova
1 Frost Armor
» actions
| Basic commands | 18 | |
| Build / train | 18 | |
| Enter build submenu | 14 | |
| Enter hero's abilities submenu | 2 | |
| Remove unit from queue | 1 | |
| Right click | 177 | |
| Select / deselect | 114 | |
| Use ability | 12 | |
356 total
» units
| Acolyte | 5 | |
| Ghoul | 4 | |
| Crypt Fiend | 2 | |
11 total
» upgrades
| Creature Attack | 1 | |
| Creature Carapace | 1 | |
2 total
» buildings
| Crypt | 1 | |
| Ziggurat | 3 | |
| Altar of Darkness | 1 | |
| Graveyard | 1 | |
| Halls of the Dead | 1 | |
| Tomb of Relics | 1 | |
8 total
» build order
00:07 Crypt
00:22 Ziggurat
00:27 Altar of Darkness
01:01 Ziggurat
01:52 Graveyard
02:39 Halls of the Dead
03:07 Tomb of Relics
04:58 Ziggurat
oO8UOo (
yellow | 73 APM | 416 actions | 05:41)
2 Demon Hunter
1 Immolation
1 Mana Burn
» actions
| Assign group hotkey | 8 | |
| Basic commands | 3 | |
| Build / train | 30 | |
| Enter build submenu | 9 | |
| Enter hero's abilities submenu | 2 | |
| Remove unit from queue | 2 | |
| Right click | 176 | |
| Select / deselect | 113 | |
| Select group hotkey | 45 | |
| Use ability | 28 | |
416 total
» units
» buildings
| Altar of Elders | 1 | |
| Moon Well | 2 | |
| Ancient of War | 1 | |
| Ancient of Wonders | 1 | |
| Tree of Life | 1 | |
| Hunter's Hall | 1 | |
7 total
» build order
00:17 Altar of Elders
00:18 Moon Well
00:46 Ancient of War
01:47 Moon Well
02:06 Ancient of Wonders
03:46 Tree of Life
04:46 Hunter's Hall
» items
| Dust of Appearance | 1 | |
| Lesser Clarity Potion | 2 | |
3 total
PriinCePlayZ (
blue | 33 APM | 174 actions | 05:16)
1 Priestess of the Moon
1 Searing Arrows
» actions
| Build / train | 17 | |
| Enter build submenu | 13 | |
| Enter hero's abilities submenu | 1 | |
| Right click | 39 | |
| Select / deselect | 93 | |
| Use ability | 11 | |
174 total
» units
» buildings
| Moon Well | 3 | |
| Hunter's Hall | 1 | |
| Altar of Elders | 1 | |
| Ancient of Wonders | 1 | |
| Ancient of War | 2 | |
8 total
» build order
00:36 Moon Well
00:56 Hunter's Hall
01:36 Altar of Elders
01:51 Moon Well
02:16 Ancient of Wonders
02:56 Ancient of War
03:08 Ancient of War
03:27 Moon Well
Chat log
(00:40 / Allies) Clarkmaxwell: hi all
(00:45 / Allies) Sheer888: hi
(00:49 / Allies) LeGaulois: rysh
(00:53 / Allies) Clarkmaxwell: units ?
(00:54 / Allies) Clarkmaxwell: k
(01:04 / Allies) Sheer888: raider
(01:56 / Allies) Clarkmaxwell: rush 2vs2 ?
(02:09 / Allies) 13fr6: yes
(04:38 / Allies) 13fr6: gold pls
(04:39 / Allies) 13fr6: go
(05:22 / Allies) Clarkmaxwell: b
(05:34 / Allies) 13fr6: no b
(05:50 / All) 13fr6: bitches